 Dungeon Crawl Stone Soup version 0.30-a0-1043-g60ff8d5f49 (webtiles) character file.

Game seed: 15263542031394563120

88 NateTC the Shield-Bearer (level 4, -4/28 HPs)
             Began as a Gargoyle Fighter on Apr 9, 2023.
             Slain by a gnoll
             ... wielding a +0 club
              (7 damage)
             ... on level 2 of the Dungeon.
             The game lasted 00:02:03 (759 turns).

NateTC the Shield-Bearer (Gargoyle Fighter)          Turns: 759, Time: 00:02:03

Health: -4/28      AC: 13    Str: 22    XL:     4   Next: 53%
Magic:  4/4        EV:  9    Int:  8    God:
Gold:   47         SH:  4    Dex:  9    Spells: 3/3 levels left

rFire   . . .      SeeInvis .    a - +0 flail
rCold   . . .      Faith    .    c - +0 buckler
rNeg    + . .      Spirit   .    b - +0 scale mail
rPois   ∞          Reflect  .    (no helmet)
rElec   +          Rampage  .    e - +2 cloak
rCorr   .                        (no gloves)
Will    .....                    (no boots) Stlth
                                 (no amulet)
HPRegen 0.24/turn                (no ring)
MPRegen 0.09/turn                (no ring)

@: no status effects
A: sickness immunity, AC +3, negative energy resistance 1, electricity
resistance, torment resistance 1, petrification resistance
a: no special abilities


You were on level 2 of the Dungeon.
You visited 1 branch of the dungeon, and saw 2 of its levels.

You collected 47 gold pieces.

Inventory:

Hand Weapons
 a - a +0 flail (weapon)
Armour
 b - a +0 scale mail (worn)
 c - a +0 buckler (worn)
 e - a +2 cloak (worn)
Scrolls
 g - a scroll of fear {unknown}
 h - a scroll of identify
 k - a scroll of vulnerability
Potions
 d - a potion of might
 f - a potion of brilliance
 i - a potion of invisibility {unknown}


   Skills:
 - Level 3.2 Fighting
 - Level 3.7 Maces & Flails
 * Level 3.8 Armour
 * Level 3.9 Shields


You had 3 spell levels left.
You didn't know any spells.
Your spell library contained the following spells:

 Spells                   Type           Power      Damage    Failure   Level
 Sandblast                Erth           0%         2d4       82%         1
 Blink                    Tloc           0%         N/A       91%         2
 Passwall                 Tmut/Erth      0%         N/A       91%         2
 Stone Arrow              Conj/Erth      0%         3d7       99%         3
 Manifold Assault         Tloc           0%         N/A       100%        4
 Storm Form               Tmut/Air       0%         N/A       100%        7


Dungeon Overview and Level Annotations

Branches:
Dungeon (2/15) Zot: 11199

Altars:


Innate Abilities, Weirdness & Mutations

You are immune to sickness and miasma.
Your stone body is resilient. (AC +3)
You are immune to poison.
You resist negative energy. (rN+)
You are resistant to electric shocks. (rElec)
You are resistant to unholy torment.
You are immune to petrification.


Message History

The gnoll is heavily wounded.
The gnoll hits you with a +0 flail. The gnoll hits you but does no damage.
The gnoll barely misses you. The gnoll hits you with a +0 flail.
* * * LOW HITPOINT WARNING * * *
You sock the gnoll!
You kill the gnoll!
The gnoll barely misses you. The gnoll closely misses you.
You see here a +0 flail.
You hit the gnoll.
The gnoll is heavily wounded.
You block the gnoll's attack.
You hit the gnoll.
The gnoll is almost dead.
The gnoll hits you but does no damage.
You sock the gnoll!
You kill the gnoll!
The kobold throws a stone.
The stone hits you but does no damage. The gnoll hits you but does no damage.
You barely miss the gnoll. The gnoll closely misses you.
You sock the gnoll!
The gnoll is heavily wounded.
The gnoll barely misses you.
You hit the gnoll.
You kill the gnoll!
The kobold throws a stone.
The stone barely misses you.
You closely miss the gnoll. You block the gnoll's attack.
The gnoll barely misses you.
You hit the gnoll.
The gnoll is lightly wounded.
The gnoll hits you with a +0 club.
* * * LOW HITPOINT WARNING * * *
You sock the gnoll!
The gnoll is severely wounded.
The gnoll hits you with a +0 club.
* * * LOW HITPOINT WARNING * * *
You closely miss the gnoll.
The gnoll is severely wounded.
The gnoll hits you with a +0 club!
You die...

#............#
###).#.###....
#.####...........
#.........#######
######.#..#
#.#..# #.#..#
#######.#..#
#Kg@..†.#..#
#.#######..#
#...# #...
#..>..# .........
.##.....### #
##...## .....
.....


You could see a gnoll and a kobold.

Vanquished Creatures
  An adder (D:2)
  4 gnolls
  2 dart slugs
  A bat (D:2)
  An endoplasm (D:1)
  A giant cockroach (D:1)
  9 goblins
  3 hobgoblins (D:1)
  4 jackals (D:1)
  A quokka (D:2)
  A ball python (D:1)
  A frilled lizard (D:2)
  3 kobolds
  A rat (D:1)
33 creatures vanquished.

Notes
Turn   | Place    | Note
-------+----------+-------------------------------------------
     0 | D:1      | NateTC the Gargoyle Fighter began the quest for the Orb.
     0 | D:1      | Reached XP level 1. HP: 14/14 MP: 1/1
    44 | D:1      | Reached XP level 2. HP: 19/19 MP: 2/2
   262 | D:1      | Reached XP level 3. HP: 23/23 MP: 3/3
   683 | D:2      | Reached XP level 4. HP: 17/28 MP: 4/4
   759 | D:2      | Slain by a gnoll

Illustrated notes

Levels and vault maps discovered:
D:1:      dpeg_arrival_arbitrary_b, layout_rooms, corexii_leaking_fountain,
          hex_intersection
D:2:      layout_loops_ring, nicolae_ecumenical_lake_church,
          grunt_decor_one_mirror

Skill      XL: |  1  2 |
---------------+-------+-----
Maces & Flails | 3 |  3.7
Fighting       | |  3.2
Armour         | |  3.8
Shields        | |  3.9

Action                     |  1- 3 |  4- 6 || total
---------------------------+-------+-------++-------
  Melee: Flail             |   130 |    19 ||   149
    Use: Scroll            |     4 |       ||     4
 Armour: Scale mail        |    80 |    10 ||    90
  Dodge: Dodged            |    67 |    10 ||    77
  Block: Buckler           |    32 |     7 ||    39

Table legend: (Time is in decaauts)
 A = Elapsed time spent in this place.
 B = Non-inter-level travel time spent in this place.
 C = Inter-level travel time spent in this place.
 D = Time resting spent in this place.
 E = Time spent auto-exploring this place.
 F = Levels seen in this place.
 G = Mean time per level.
                   A        B        C        D        E       F      G
               +--------+--------+--------+--------+--------+-----+--------+
         Total |    799 |    774 |     25 |     78 |    381 |   2 |  399.5 |
       Dungeon |    799 |    774 |     25 |     78 |    381 |   2 |  399.5 |
               +--------+--------+--------+--------+--------+-----+--------+

Top non-repeatable levels by time:
     D:1: 595 daAuts
     D:2: 204 daAuts
